 Dungeon Crawl Stone Soup version 0.30.0-5-g1a98f26d00 (webtiles) character file.

Game seed: 13485605193176579257

438 Tyszek the Covered (level 6, 0/54 HPs)
             Began as an Armataur Fighter on May 10, 2023.
             Slain by a wyvern zombie (6 damage)
             ... on level 3 of the Dungeon.
             The game lasted 00:06:47 (2305 turns).

Tyszek the Covered (Armataur Fighter)               Turns: 2305, Time: 00:06:48

Health: 0/54       AC: 10    Str: 23    XL:     6   Next: 69%
Magic:  6/6        EV:  7    Int:  9    God:
Gold:   159        SH:  4    Dex:  9    Spells: 5/5 levels left

rFire   . . .        g - +0 morningstar
rCold   . . .        c - +0 buckler
rNeg    . . .        b - +0 scale mail
rPois   .            (no helmet)
rElec   .            f - +0 cloak
rCorr   .            h - +0 pair of gloves
SInv    .            (no barding)
Will    .....        (no amulet) Stlth
                     (no ring)
HPRegen 0.29/turn    (no ring)
MPRegen 0.10/turn

%: roll
@: no status effects
A: large, rugged brown scales 3, deformed body, armoured tail, roll, long
tongue, awkward tongue
a: no special abilities


You were on level 3 of the Dungeon.
You visited 1 branch of the dungeon, and saw 3 of its levels.

You collected 159 gold pieces.

Inventory:

Hand Weapons
 a - a +0 flail
 g - a +0 morningstar (weapon)
Armour
 b - a +0 scale mail (worn)
 c - a +0 buckler (worn)
 f - a +0 cloak (worn)
 h - a +0 pair of gloves (worn)
Jewellery
 q - a +6 ring of dexterity
Wands
 t - a wand of iceblast (3)
 u - a wand of light (6)
Scrolls
 i - 3 scrolls of immolation {unknown}
 j - 2 scrolls of teleportation {unknown}
 k - 2 scrolls of fog {unknown}
 l - a scroll of poison {unknown}
 o - a scroll of blinking {unknown}
 p - a scroll of silence {unknown}
 r - a scroll of amnesia {unknown}
Potions
 d - a potion of might
 e - 3 potions of heal wounds
 m - 4 potions of lignification {unknown}
 n - 2 potions of attraction {unknown}
 s - a potion of curing {unknown}
 v - a potion of resistance {unknown}
 w - 2 potions of cancellation {unknown}


   Skills:
 + Level 3.2 Fighting
 * Level 4.9 Maces & Flails
 * Level 6.0 Armour
 + Level 3.7 Shields


You had 5 spell levels left.
You didn't know any spells.
Your spell library was empty.

Dungeon Overview and Level Annotations

Branches:
Dungeon (3/15)

Altars:
Fedhas


Innate Abilities, Weirdness & Mutations

You are completely covered in rugged brown scales. (AC +3, +7% HP)
Armour fits poorly on your strangely shaped body.
You have a long armoured tail.
You roll when moving toward enemies. (Rampage)
Your long tongue fully drains potion bottles. (2x potion effects)
Your tongue gives you trouble enunciating. (1.5x scroll delay)


Message History

You block McKennaii's ghost's attack.
You closely miss McKennaii's ghost.
McKennaii's ghost is almost destroyed.
The bullfrog zombie hits you.
The bullfrog zombie hits you but does no damage.
McKennaii's ghost gestures at you while chanting.
The magic dart hits you.
The howler monkey zombie barely misses you.
You barely miss McKennaii's ghost.
McKennaii's ghost is almost destroyed.
The bullfrog zombie hits you but does no damage.
McKennaii's ghost casts a spell at you. The magic dart hits you.
The howler monkey zombie hits you but does no damage.
The bullfrog zombie barely misses you.
You completely miss McKennaii's ghost.
McKennaii's ghost is almost destroyed.
The bullfrog zombie closely misses you.
McKennaii's ghost hits you but does no damage.
The howler monkey zombie hits you.
McKennaii's ghost points at you and mumbles some strange words.
The magic dart hits you but does no damage.
The bullfrog zombie barely misses you. The howler monkey zombie hits you.
You puncture McKennaii's ghost!
You destroy McKennaii's ghost!
The bullfrog zombie hits you but does no damage.
The wyvern zombie bites you!
* * * LOW HITPOINT WARNING * * *
The howler monkey zombie hits you but does no damage.
Your Armour skill increases to level 6!
The wyvern zombie attacks as you move away!
The wyvern zombie bites you.
* * * LOW HITPOINT WARNING * * *
The bullfrog zombie hits you but does no damage. x2
The bullfrog zombie attacks as you move away!
The bullfrog zombie hits you.
* * * LOW HITPOINT WARNING * * *
The wyvern zombie attacks as you move away!
The wyvern zombie bites you.
You die...

...#.....# #.......######..###
..))..##.# #.......##.........
...#..##.######.......##[........
...#..#......##.......##.........
..##.##......##.......##.........
####.##.......#...<...##.........
.....##.......#.......##.........
#....##.......#..#+#####.........
.....##.........@..##............
.....##........ZZ..##.....)......
.######....###''Z####............
.....##....#.......####.####.....
..##...######.....##.............
..####..####.......####.....(....
..# ##...###.$)..###....##..####
..# ###.##..#.#..##).......# ..#
#..#########..##.#####


You could see a bullfrog zombie, a wyvern zombie and a howler monkey zombie.

Vanquished Creatures
  Sigmund (D:2)
  The ghost of McKennaii the Conjurer, an amateur DgCj (D:3)
  Terence (D:1)
  4 adders
  A worm (D:2)
  3 dart slugs (D:2)
  3 orcs (D:3)
  7 ball pythons
  8 bats
  10 endoplasms
  5 giant cockroaches
  9 goblins
  7 hobgoblins
  3 jackals (D:1)
  2 kobolds
  4 quokkas (D:1)
  3 frilled lizards
  8 rats
80 creatures vanquished.

Notes
Turn   | Place    | Note
-------+----------+-------------------------------------------
     0 | D:1      | Tyszek the Armataur Fighter began the quest for the Orb.
     0 | D:1      | Reached XP level 1. HP: 19/19 MP: 1/1
   249 | D:1      | Reached XP level 2. HP: 25/26 MP: 2/2
   250 | D:1      | Reached skill level 4 in Armour
   600 | D:1      | Reached XP level 3. HP: 28/32 MP: 3/3
   948 | D:2      | Noticed Terence
   958 | D:2      | Noticed Sigmund
  1092 | D:1      | Reached XP level 4. HP: 37/40 MP: 4/4
  1101 | D:1      | Killed Terence
  1217 | D:2      | Killed Sigmund
  1218 | D:2      | Reached skill level 5 in Armour
  1218 | D:2      | Reached XP level 5. HP: 47/48 MP: 5/5
  1376 | D:2      | Reached XP level 6. HP: 47/54 MP: 6/6
  1892 | D:3      | Found a blossoming altar of Fedhas.
  2023 | D:3      | Found a runed translucent gate.
  2023 | D:3      | Found a runed translucent gate.
  2024 | D:3      | Found a runed translucent gate.
  2276 | D:3      | Noticed McKennaii's ghost (amateur DgCj)
  2303 | D:3      | Killed McKennaii's ghost
  2304 | D:3      | Reached skill level 6 in Armour
  2305 | D:3      | Slain by a wyvern zombie

Illustrated notes

Levels and vault maps discovered:
D:1:      elethiomel_arrival_maze, layout_basic, minmay_small_reverse_x
D:2:      minmay_wonky_spiral, layout_rooms, kennysheep_generic_room_6,
          uniq_sigmund, uniq_terence
D:3:      layout_basic, old_standard_altar, gammafunk_ghost_necromancy

Skill      XL: |  1  2  3  4  5  6 |
---------------+-------------------+-----
Maces & Flails | 2 3 4 |  4.9
Armour         | 4 5 6 |  6.0
Fighting       | 3 |  3.2
Shields        | |  3.7

Action                     |  1- 3 |  4- 6 || total
---------------------------+-------+-------++-------
  Melee: Flail             |    28 |       ||    28
         Tailslap          |    10 |    11 ||    21
         Morningstar       |   108 |   135 ||   243
    Use: Potion            |       |     3 ||     3
 Armour: Scale mail        |   158 |    90 ||   248
  Dodge: Dodged            |    94 |    67 ||   161
  Block: Buckler           |    48 |    27 ||    75
